 Dungeon Crawl Stone Soup version 0.32-a0-136-gc02482bde3 (webtiles) character file.

Game seed: 15971403138263637902

34571 CougarLife the Thaumaturge (level 13, -14/100 HPs)
             Began as a Gnoll Earth Elementalist on Feb 10, 2024.
             Was a High Priest of Vehumet.
             Demolished by Rupert
             ... wielding a +4 heavy great mace
              (48 damage)
             ... on level 4 of the Lair of Beasts.
             The game lasted 00:32:35 (17926 turns).

CougarLife the Thaumaturge (GnEE)                  Turns: 17926, Time: 00:32:36

Health: -14/100    AC: 11    Str:  7    XL:     13   Next: 78%
Magic:  3/27       EV: 20    Int: 20    God:    Vehumet [*****.]
Gold:   699        SH:  0    Dex: 13    Spells: 9/32 levels left

rFire   + . .        v - staff of conjuration
rCold   . . .        (no shield)
rNeg    . . .        L - +0 troll leather armour
rPois   +            a - +1 helmet {SInv}
rElec   .            O - +0 cloak
rCorr   .            P - +2 pair of gloves
SInv    +            (no boots)
Will    +....        I - amulet of Hunaobaf {rF+ Will+ Regen+}
Stlth   ++++         u - ring of poison resistance
HPRegen 1.96/turn    r - +5 ring of evasion
MPRegen 0.20/turn

%: no passive effects
@: about to teleport, fragile (+50% incoming damage)
A: fangs 1, strong nose, distributed training
a: Renounce Religion


You were on level 4 of the Lair of Beasts.
You worshipped Vehumet.
Vehumet was extremely pleased with you.
You visited 3 branches of the dungeon, and saw 17 of its levels.

You collected 779 gold pieces.
You spent 80 gold pieces at shops.

Inventory:

Armour
 a - a +1 helmet of see invisible (worn)
 L - a +0 troll leather armour (worn)
 O - a +0 cloak (worn)
 P - a +2 pair of gloves (worn)
Magical Staves
 v - a staff of conjuration (weapon)
 D - a staff of cold
Jewellery
 b - the ring "Ozela" {rF+ rC+}
   (You acquired it on level 11 of the Dungeon)

   [ring of protection from cold]

   rF+:       It protects you from fire.
   rC+:       It protects you from cold.
 d - a +5 ring of evasion
 r - a +5 ring of evasion (right hand)
 u - a ring of poison resistance (left hand)
 I - the amulet of Hunaobaf (around neck) {rF+ Will+ Regen+}
   (You found it on level 7 of the Dungeon)

   [amulet of regeneration]

   rF+:       It protects you from fire.
   Will+:     It increases your willpower.
   Regen+:    It increases your rate of health regeneration.
 R - a ring of willpower
 S - a ring of positive energy
Wands
 m - a wand of paralysis (11)
 o - a wand of flame (9)
 E - a wand of light (7)
 K - a wand of iceblast (8)
Scrolls
 f - a scroll of vulnerability
 i - a scroll of revelation
 j - 6 scrolls of teleportation
 k - 2 scrolls of amnesia
 n - 2 scrolls of butterflies
 q - 4 scrolls of immolation
 w - 2 scrolls of silence
 x - 2 scrolls of poison
 y - 2 scrolls of fear
 z - 3 scrolls of enchant armour
 A - 3 scrolls of noise
 F - 2 scrolls of brand weapon
 H - a scroll of fog {unknown}
 M - a scroll of blinking
 Q - a scroll of enchant weapon
Potions
 c - 4 potions of attraction
 e - a potion of mutation
 g - 3 potions of degeneration {unknown}
 h - 2 potions of brilliance {unknown}
 l - a potion of cancellation {unknown}
 p - 4 potions of heal wounds
 s - 3 potions of ambrosia {unknown}
 t - 3 potions of might {unknown}
 B - a potion of resistance {unknown}
 C - 2 potions of enlightenment {unknown}
 G - a potion of haste {unknown}
 J - 3 potions of curing
 N - a potion of lignification {unknown}


   Skills:
 + Level 8.9 Fighting
 + Level 8.9 Short Blades
 + Level 8.9 Long Blades
 + Level 8.9 Axes
 + Level 8.9 Maces & Flails
 + Level 8.9 Polearms
 + Level 8.9 Staves
 + Level 8.9 Ranged Weapons
 + Level 8.9 Throwing
 + Level 8.9 Armour
 + Level 10.1 Dodging
 + Level 9.9 Stealth
 + Level 8.9 Shields
 + Level 8.9 Unarmed Combat
 + Level 10.2 Spellcasting
 + Level 7.8 Conjurations
 + Level 7.4 Hexes
 + Level 7.4 Summonings
 + Level 7.4 Necromancy
 + Level 7.4 Translocations
 + Level 7.4 Fire Magic
 + Level 7.4 Ice Magic
 + Level 7.4 Air Magic
 + Level 9.3 Earth Magic
 + Level 7.4 Alchemy
 + Level 9.7 Invocations
 + Level 8.9 Evocations
 + Level 8.1 Shapeshifting


You had 9 spell levels left.
You knew the following spells:

 Your Spells              Type           Power      Damage    Failure   Level
a - Sandblast             Erth           94%        2d19      1%          1
b - Stone Arrow           Conj/Erth      100%       3d13      1%          3
c - Brom's Barrelling Bo  Conj/Erth      61%        2d8       1%          4
d - Petrify               Alch/Erth      43%        N/A       3%          4
e - Lee's Rapid Deconstr  Erth           23%        3d13*     1%          5
f - Bombard               Conj/Erth      30%        9d5       11%         6

Your spell library contained the following spells:

 Spells                   Type           Power      Damage    Failure   Level
 Freezing Cloud           Conj/Ice/Air   28%        6-21      3%          5
 Magic Dart               Conj           100%       1d8       1%          1
 Summon Small Mammal      Summ           100%       N/A       1%          1
 Ensorcelled Hibernation  Hex/Ice        80%        N/A       1%          2
 Lesser Beckoning         Tloc           80%        N/A       1%          2
 Scorch                   Fire           80%        2d8       1%          2
 Searing Ray              Conj           100%       2d8       1%          2
 Call Canine Familiar     Summ           40%        N/A       1%          3
 Dazzling Flash           Conj/Hex       100%       N/A       1%          3
 Fugue of the Fallen      Necr           40%        N/A       1%          3
 Gell's Gravitas          Tloc           40%        N/A       1%          3
 Mephitic Cloud           Conj/Alch/Air  57%        N/A       1%          3
 Passwall                 Erth           47%        N/A       1%          3
 Teleport Other           Tloc           40%        N/A       1%          3
 Tukima's Dance           Hex            40%        N/A       1%          3
 Flame Wave               Conj/Fire      57%        2d14      1%          4
 Fulminant Prism          Conj/Alch      28%        3d14      1%          4
 Iskenderun's Mystic Bla  Conj/Tloc      57%        2d12      1%          4
 Olgreb's Toxic Radiance  Alch           40%        N/A       1%          4
 Leda's Liquefaction      Alch/Erth      21%        N/A       3%          4
 Anguish                  Hex/Necr       20%        N/A       4%          4
 Cause Fear               Hex            20%        N/A       4%          4
 Dimensional Bullseye     Hex/Tloc       20%        N/A       4%          4
 Summon Blazeheart Golem  Fire/Summ      40%        N/A       4%          4
 Curse of Agony           Necr           40%        N/A       12%         5
 Silence                  Hex/Air        20%        N/A       12%         5
 Summon Cactus Giant      Summ           20%        N/A       54%         6
 Orb of Destruction       Conj           29%        9d9       58%         7
 Spellforged Servitor     Conj/Summ      28%        N/A       61%         7
 Ozocubu's Refrigeration  Ice            20%        4d11      63%         7
 Enfeeble                 Hex            20%        N/A       98%         7
 Discord                  Hex            20%        N/A       100%        8


Dungeon Overview and Level Annotations

Branches:
Dungeon (11/15)            Temple (1/1) D:7            Lair (5/5) D:10
 Shoals (0/4) Lair:2        Snake (0/4) Lair:2
  Slime: Lair:4-5       Orc: D:9-12

Altars:
Ashenzari
Cheibriados
Dithmenos
Elyvilon
Fedhas
Gozag
Hepliaklqana
Kikubaaqudgha
Makhleb
Nemelex Xobeh
Okawaru
Qazlal
Ru
Sif Muna
Trog
Uskayaw
Vehumet
Wu Jian
Xom
Yredelemnul
Zin
The Shining One

Shops:
D:4 *   D:5 [   D:7 (   D:8 [![([

Annotations:
D:9 exclusions: ice statue and obsidian statue
Temple 2 transporters
Lair:4 Rupert


Innate Abilities, Weirdness & Mutations

You have very sharp teeth.
Your uncanny sense of smell can sniff out nearby items.
Your experience applies equally to all skills.


Message History

You completely miss the blink frog.
You hear a croak. x2
The blink frog blinks!
The ufetubus barely misses you.
The ufetubus completely misses you. x3; The blink frog blinks!
You hit the blink frog.
You blast the blink frog.
Your bite misses the blink frog.
The blink frog is moderately wounded.
The ufetubus barely misses you. x2; The ufetubus misses you.
The ufetubus closely misses you. The ufetubus completely misses you.
The ufetubus hits you but does no damage.
The blink frog hits you.
The blink frog blinks!
The ufetubus misses you. x2; The ufetubus closely misses you.
The ufetubus completely misses you.
The blink frog hits you but does no damage.
The ufetubus misses you. The ufetubus barely misses you.
The ufetubus completely misses you. The ufetubus misses you.
Rupert barely misses you. The blink frog closely misses you.
There is an escape hatch in the ceiling, spattered with blood here.
HP restored.
The ufetubus hits you but does no damage. x2
The ufetubus barely misses you. x2
The glass eye gazes at you.
Your body becomes as fragile as glass!
The blink frog closely misses you. The blink frog barely misses you.
The ufetubus hits you but does no damage.
The ufetubus closely misses you. A mysterious force pulls you upwards.
The hatch slams shut behind you.
The ufetubus disappears in a puff of smoke! x3
As you read the scroll of teleportation, it crumbles to dust.
You feel strangely unstable. The blink frog misses you.
The ynoxinul gestures at you. The iron shot hits you!! The blink frog hits you.
Rupert hits you with a +4 heavy great mace!!
You closely miss the blink frog. Your punch misses the blink frog.
The blink frog misses you. The blink frog completely misses you.
The ynoxinul closely misses you.
Rupert says, "I tear you limb from limb!"
Rupert hits you with a +4 heavy great mace!!
You die...
Rupert roars with triumph.

###....##### #...# #####.#
##....# ####...###..#...
#.#...# #...........##P#
###...# #........##.####
###.####.......##.##
##P..##...........##
#.....##.....##..#.#
#..#..##F.#####...##
#.##..3@@.# ##...#
##..#####F.# #..>.# #..##
#..## ##..## #
##..#####...# ##..### #
#.###......###...#.# ##
#.# ##......###...#####.
##.###........#......##>.
##P.............P......#..
#...................##....


You could see Rupert, 2 blink frogs and a ynoxinul.

Vanquished Creatures
  A quicksilver ooze (Lair:4)
  A catoblepas (Lair:5)
  A hydra (Lair:5)
  3 two-headed ogres
  2 death yaks (Lair:4)
  A skyshark (Lair:2)
  An arcanist (D:11)
  A manticore (Lair:2)
  3 elephants (Lair:2)
  A salamander (Lair:2)
  2 black mambas (Lair:2)
  An eye of devastation (Lair:5)
  A torpor snail (Lair:4)
  8 cane toads
  8 komodo dragons
  2 rime drakes
  A polar bear (Lair:1)
  2 trolls
  A wind drake (Lair:2)
  A hornet (D:9)
  17 blink frogs
  7 dream sheep (Lair:4)
  2 slime creatures (Lair:4)
  A shadow (D:11)
  52 yaks
  4 wyverns
  5 basilisks
  2 steam dragons
  3 vampire mosquitoes (D:11)
  11 water moccasins
  A black bear (Lair:2)
  An orc warrior (D:10)
  An ice beast (D:5)
  2 ogres
  4 wolves
  A phantom (D:5)
  6 centaurs
  10 bullfrogs
  2 gnoll sergeants
  9 wights (D:8)
  4 killer bees (D:9)
  2 bombardier beetles
  2 howler monkeys (D:9)
  5 lava snakes (Lair:2)
  6 hounds
  5 orc priests
  5 jellies
  A gnoll bouda (D:8)
  A sleepcap (D:7)
  A scorpion zombie (D:3)
  7 iguanas
  11 orc wizards
  2 hell rats (D:10)
  13 gnolls
  9 adders
  A shadow imp (D:5)
  2 white imps
  A dart slug (D:4)
  4 ribbon worms (D:2)
  25 orcs
  5 ball pythons
  8 endoplasms
  3 giant cockroaches
  8 goblins
  8 hobgoblins
  4 jackals (D:3)
  4 quokkas
  6 bats
  3 frilled lizards
  2 kobolds
  2 quokka skeletons (D:3)
  7 rats
350 creatures vanquished.

Vanquished Creatures (collateral kills)
  3 boulders
3 creatures vanquished.

Vanquished Creatures (others)
  4 boulders
4 creatures vanquished.

Grand Total: 357 creatures vanquished

Notes
Turn   | Place    | Note
-------+----------+-------------------------------------------
     0 | D:1      | CougarLife the Gnoll Earth Elementalist began the quest for
                  | the Orb.
     0 | D:1      | Reached XP level 1. HP: 13/13 MP: 6/6
    46 | D:1      | Reached XP level 2. HP: 19/19 MP: 3/7
   503 | D:1      | Reached skill level 5 in Spellcasting
   503 | D:1      | Reached XP level 3. HP: 25/25 MP: 6/9
   948 | D:2      | Reached skill level 1 in Invocations
   985 | D:2      | Reached skill level 1 in Fighting
   985 | D:2      | Reached skill level 1 in Short Blades
   985 | D:2      | Reached skill level 1 in Long Blades
   985 | D:2      | Reached skill level 1 in Axes
   985 | D:2      | Reached skill level 1 in Maces & Flails
   985 | D:2      | Reached skill level 1 in Polearms
   985 | D:2      | Reached skill level 1 in Staves
   985 | D:2      | Reached skill level 1 in Ranged Weapons
   985 | D:2      | Reached skill level 1 in Throwing
   985 | D:2      | Reached skill level 1 in Armour
   985 | D:2      | Reached skill level 1 in Shields
   985 | D:2      | Reached skill level 1 in Unarmed Combat
   985 | D:2      | Reached skill level 1 in Evocations
  1332 | D:2      | Reached skill level 1 in Shapeshifting
  1332 | D:2      | Reached XP level 4. HP: 28/32 MP: 7/11
  1820 | D:3      | Reached skill level 1 in Hexes
  1820 | D:3      | Reached skill level 1 in Summonings
  1820 | D:3      | Reached skill level 1 in Necromancy
  1820 | D:3      | Reached skill level 1 in Translocations
  1820 | D:3      | Reached skill level 1 in Fire Magic
  1820 | D:3      | Reached skill level 1 in Ice Magic
  1820 | D:3      | Reached skill level 1 in Air Magic
  1820 | D:3      | Reached skill level 1 in Alchemy
  1860 | D:3      | Reached XP level 5. HP: 8/37 MP: 0/12
  2596 | D:4      | Reached XP level 6. HP: 19/44 MP: 7/13
  2845 | D:4      | Found Ciub's Overcharged Wands.
  2934 | D:4      | Reached skill level 5 in Dodging
  3492 | D:5      | Entered Level 5 of the Dungeon
  3535 | D:5      | Found a sacrificial altar of Ru.
  3541 | D:5      | Reached XP level 7. HP: 50/50 MP: 11/15
  3635 | D:5      | Found a glowing silver altar of Zin.
  3686 | D:5      | Found Kykaaj's Armour Shop.
  3818 | D:5      | Found a burning altar of Makhleb.
  3838 | D:5      | Reached skill level 5 in Stealth
  3842 | D:5      | Learned a level 3 spell: Stone Arrow
  3847 | D:5      | Learned a level 4 spell: Brom's Barrelling Boulder
  4311 | D:5      | Reached XP level 8. HP: 16/58 MP: 0/16
  4601 | D:5      | Found a shimmering altar of Xom.
  4602 | D:5      | Found an ornate altar of the Wu Jian Council.
  4944 | D:6      | Found a glowing golden altar of the Shining One.
  5245 | D:6      | Identified the +7 war axe of Wegu {vamp, Dex+7}
  5932 | D:7      | Identified the amulet of Hunaobaf {rF+ Will+ Regen+}
  6161 | D:7      | Found Oraupac's Weapon Boutique.
  6225 | D:7      | Found a hide-covered altar of Uskayaw.
  6342 | D:7      | Identified the +2 ring mail of Vaitimn {rCorr Dex+2}
  6388 | D:7      | Found a staircase to the Ecumenical Temple.
  6390 | D:7      | Found a faded altar of an unknown god.
  6398 | Temple   | Found a transporter.
  6398 | Temple   | Found a transporter.
  6398 | Temple   | Found a transporter.
  6398 | Temple   | Found a transporter.
  6398 | Temple   | Entered the Ecumenical Temple
  6415 | Temple   | Became a worshipper of Vehumet
  6592 | D:8      | Reached XP level 9. HP: 65/65 MP: 15/18
  6716 | D:8      | Found Jeyv's Weapon Shop.
  6730 | D:8      | Found Egop Etu's Antique Armour Boutique.
  6950 | D:8      | Found Jucriys's Distillery.
  6953 | D:8      | Bought a potion of heal wounds for 50 gold pieces
  6953 | D:8      | Bought a potion of curing for 30 gold pieces
  7161 | D:8      | Found a stormy altar of Qazlal.
  7197 | D:8      | Found Onluwag's Antique Armour Shoppe.
  7242 | D:8      | Reached skill level 5 in Invocations
  7380 | D:8      | Noticed a two-headed ogre
  7385 | D:8      | Killed a two-headed ogre
  7386 | D:8      | Reached skill level 5 in Fighting
  7386 | D:8      | Reached skill level 5 in Short Blades
  7386 | D:8      | Reached skill level 5 in Long Blades
  7386 | D:8      | Reached skill level 5 in Axes
  7386 | D:8      | Reached skill level 5 in Maces & Flails
  7386 | D:8      | Reached skill level 5 in Polearms
  7386 | D:8      | Reached skill level 5 in Staves
  7386 | D:8      | Reached skill level 5 in Ranged Weapons
  7386 | D:8      | Reached skill level 5 in Throwing
  7386 | D:8      | Reached skill level 5 in Armour
  7386 | D:8      | Reached skill level 5 in Shields
  7386 | D:8      | Reached skill level 5 in Unarmed Combat
  7386 | D:8      | Reached skill level 5 in Evocations
  7386 | D:8      | Reached XP level 10. HP: 74/74 MP: 4/20
  7494 | D:8      | Found a snail-covered altar of Cheibriados.
  7534 | D:8      | Found Xyfroyl's Armour Boutique.
  7580 | D:8      | Found a shadowy altar of Dithmenos.
  8286 | D:9      | Reached * piety under Vehumet
  8286 | D:9      | Offered knowledge of Freeze by Vehumet.
  8581 | D:9      | Reached skill level 5 in Conjurations
  8588 | D:9      | Reached skill level 5 in Shapeshifting
  8896 | D:9      | Noticed an ice statue
  8984 | D:9      | Found a blossoming altar of Fedhas.
  9203 | D:9      | Noticed an obsidian statue
  9478 | D:10     | Entered Level 10 of the Dungeon
  9690 | D:10     | Found a staircase to the Lair.
  9783 | D:10     | Noticed a two-headed ogre
  9792 | D:10     | Killed a two-headed ogre
  9818 | D:10     | Reached skill level 5 in Hexes
  9818 | D:10     | Reached skill level 5 in Summonings
  9818 | D:10     | Reached skill level 5 in Necromancy
  9818 | D:10     | Reached skill level 5 in Translocations
  9818 | D:10     | Reached skill level 5 in Fire Magic
  9818 | D:10     | Reached skill level 5 in Ice Magic
  9818 | D:10     | Reached skill level 5 in Air Magic
  9818 | D:10     | Reached skill level 5 in Alchemy
  9846 | D:10     | Reached XP level 11. HP: 81/81 MP: 10/22
 10478 | D:11     | Noticed a two-headed ogre
 10485 | D:11     | Killed a two-headed ogre
 10632 | D:11     | Reached ** piety under Vehumet
 10632 | D:11     | Offered knowledge of Kiss of Death by Vehumet.
 11130 | D:11     | Noticed an arcanist
 11153 | D:11     | Killed an arcanist
 11347 | D:11     | Identified a scroll of acquirement
 11350 | D:11     | Acquired the ring "Ozela" {rF+ rC+}
 11376 | Lair:1   | Entered Level 1 of the Lair of Beasts
 11532 | Lair:1   | Offered knowledge of Dazzling Flash by Vehumet.
 11729 | Lair:1   | Reached XP level 12. HP: 89/91 MP: 24/24
 11738 | Lair:1   | Reached *** piety under Vehumet
 12241 | Lair:1   | Identified the +7 war axe "Tiorukhe" {spect, rF- rN+ Int+2
                  | SInv}
 12252 | Lair:1   | Offered knowledge of Frozen Ramparts by Vehumet.
 12923 | Lair:2   | Noticed a skyshark
 12933 | Lair:2   | Killed a skyshark
 13032 | Lair:2   | Found a staircase to the Shoals.
 14342 | Lair:2   | Found a staircase to the Snake Pit.
 14353 | Lair:2   | Reached **** piety under Vehumet
 14872 | Lair:3   | Reached XP level 13. HP: 75/98 MP: 21/26
 14900 | Lair:3   | Offered knowledge of Mephitic Cloud by Vehumet.
 16043 | Lair:4   | Acquired a book of the Earth
 16067 | Lair:3   | Learned a level 4 spell: Petrify
 16073 | Lair:3   | Learned a level 5 spell: Lee's Rapid Deconstruction
 16080 | Lair:3   | Learned a level 6 spell: Bombard
 16387 | Lair:4   | Noticed a quicksilver ooze
 16391 | Lair:4   | Killed a quicksilver ooze
 16551 | Lair:4   | Reached skill level 10 in Spellcasting
 17242 | Lair:5   | Entered Level 5 of the Lair of Beasts
 17559 | Lair:5   | Found a radiant altar of Vehumet.
 17794 | Lair:5   | Reached skill level 10 in Dodging
 17895 | Lair:5   | Reached ***** piety under Vehumet
 17909 | Lair:5   | Offered knowledge of Freezing Cloud by Vehumet.
 17918 | Lair:5   | Noticed Rupert
 17926 | Lair:4   | Demolished by Rupert

Illustrated notes

Levels and vault maps discovered:
D:1:      dpeg_arrival_windows_large_door, layout_loops_ring
D:2:      layout_basic
D:3:      layout_rooms, serial_undead, serial_undead_b, serial_undead_f,
          serial_undead_e, serial_undead_b, minmay_misc_feat_encased
D:4:      layout_loops_ring, nicolae_shop_overcharged_wands
D:5:      layout_loops_ring, mainiacjoe_overflow_catwalk, zin_scriptorium,
          gammafunk_temple_overflow_statue, old_standard_altar, serial_shops,
          shop
D:6:      layout_loops_ring, mainiacjoe_overflow_chevrons, hex_tiny
D:7:      layout_gridville, mainiacjoe_overflow_cross_hatched,
          nicolae_temple_entry_ecumenical, serial_shops,
          nicolae_shop_rolling_square
D:8:      layout_basic, mainiacjoe_overflow_catwalk_spiral,
          nicolae_qazlal_general_emergency, serial_shops,
          nicolae_shop_hallway_plus, nicolae_shop_tiny_statue_garden,
          nicolae_lakefront_shop, shop, kennysheep_mini_moat
D:9:      minmay_separated_statues, layout_loops_ring, lemuel_tele_altar
D:10:     layout_small_grid, dpeg_lair_monsters
D:11:     layout_rooms
Temple:   hellmonk_temple_divided_pantheon
Lair:1:   layout_gridlike, minivault_19
Lair:2:   layout_gridlike, minmay_shoals_entry_beasts,
          nicolae_snake_entry_warm_welcome, cheibrodos_lair_reptile_den,
          serial_bayou_shore_b
Lair:3:   layout_long_grid, kennysheep_catoblepas_arena
Lair:4:   layout_gridlike, st_stairs_7, nicolae_lair_time_for_slime
Lair:5:   hellmonk_lair_end_abyssal_woods, layout_gridlike,
          minmay_slime_entry_eyes, basic_altar, serial_bayou_shore_b,
          uniq_rupert

Skill      XL: |  1  2  3  4  5  6  7  8  9 10 11 12 13 |
---------------+----------------------------------------+-----
Conjurations   | 2 3 4 5 6 7 |  7.8
Spellcasting   | 5 6 7 8 9 10 | 10.2
Invocations    | 1 2 3 4 5 6 7 8 9 |  9.7
Fighting       | 1 2 3 5 6 7 8 |  8.9
Short Blades   | 1 2 3 5 6 7 8 |  8.9
Long Blades    | 1 2 3 5 6 7 8 |  8.9
Axes           | 1 2 3 5 6 7 8 |  8.9
Maces & Flails | 1 2 3 5 6 7 8 |  8.9
Polearms       | 1 2 3 5 6 7 8 |  8.9
Staves         | 1 2 3 5 6 7 8 |  8.9
Ranged Weapons | 1 2 3 5 6 7 8 |  8.9
Throwing       | 1 2 3 5 6 7 8 |  8.9
Armour         | 1 2 3 5 6 7 8 |  8.9
Shields        | 1 2 3 5 6 7 8 |  8.9
Unarmed Combat | 1 2 3 5 6 7 8 |  8.9
Evocations     | 1 2 3 5 6 7 8 |  8.9
Shapeshifting  | 1 2 3 4 5 6 7 8 |  8.1
Hexes          | 1 2 3 4 5 6 7 |  7.4
Summonings     | 1 2 3 4 5 6 7 |  7.4
Necromancy     | 1 2 3 4 5 6 7 |  7.4
Translocations | 1 2 3 4 5 6 7 |  7.4
Fire Magic     | 1 2 3 4 5 6 7 |  7.4
Ice Magic      | 1 2 3 4 5 6 7 |  7.4
Air Magic      | 1 2 3 4 5 6 7 |  7.4
Alchemy        | 1 2 3 4 5 6 7 |  7.4
Dodging        | 5 6 7 8 9 10 | 10.1
Stealth        | 5 6 7 8 9 |  9.9
Earth Magic    | 6 7 8 9 |  9.3

Action                     |  1- 3 |  4- 6 |  7- 9 | 10-12 | 13-15 || total
---------------------------+-------+-------+-------+-------+-------++-------
  Melee: Dagger            |       |     9 |       |       |       ||     9
         Bite              |       |     1 |       |     6 |     5 ||    12
         Staff             |       |       |     1 |    34 |    25 ||    60
         Punch             |       |       |       |     3 |     5 ||     8
   Cast: Sandblast         |    44 |    83 |   137 |   301 |   119 ||   684
         Stone Arrow       |       |       |    28 |   134 |    58 ||   220
         Brom's Barrelling |       |       |     1 |     8 |       ||     9
         Lee's Rapid Decon |       |       |       |       |     4 ||     4
         Bombard           |       |       |       |       |     3 ||     3
         Petrify           |       |       |       |       |     1 ||     1
    Use: Scroll            |       |       |       |    14 |     6 ||    20
         Potion            |       |       |       |     3 |     3 ||     6
 Armour: Robe              |    10 |    29 |    42 |    44 |       ||   125
         Troll leather arm |       |       |       |   210 |   129 ||   339
  Dodge: Dodged            |    11 |    50 |    79 |   416 |   213 ||   769

Table legend: (Time is in decaauts)
 A = Elapsed time spent in this place.
 B = Non-inter-level travel time spent in this place.
 C = Inter-level travel time spent in this place.
 D = Time resting spent in this place.
 E = Time spent auto-exploring this place.
 F = Levels seen in this place.
 G = Mean time per level.
                   A        B        C        D        E       F      G
               +--------+--------+--------+--------+--------+-----+--------+
         Total |  18271 |  17507 |    764 |   4429 |  10042 |  17 | 1074.8 |
       Dungeon |  11809 |  11425 |    384 |   2440 |   7191 |  11 | 1073.5 |
        Temple |     32 |     19 |     13 |      0 |      0 |   1 |   32.0 |
          Lair |   6429 |   6063 |    366 |   1989 |   2851 |   5 | 1285.8 |
               +--------+--------+--------+--------+--------+-----+--------+

Top non-repeatable levels by time:
  Lair:2: 1974 daAuts
     D:8: 1397 daAuts
     D:5: 1366 daAuts
  Lair:1: 1323 daAuts
     D:9: 1320 daAuts
    D:10: 1294 daAuts
  Lair:4: 1294 daAuts
  Lair:3: 1256 daAuts
     D:7: 1171 daAuts
     D:4: 979 daAuts
     D:2: 974 daAuts
    D:11: 904 daAuts
     D:1: 869 daAuts
     D:6: 801 daAuts
     D:3: 729 daAuts
